 Dungeon Crawl Stone Soup version 0.26.0-45-g9c1d065592 (webtiles) character file.

Game seed: 5306502802414108051

1180 Hatywr the Spear-Bearer (level 8, 0/96 HPs)
             Began as a Hill Orc Monk on Jan 30, 2021.
             Was a Priest of Beogh.
             Succumbed to a water moccasin's poison
             ... on level 5 of the Dungeon.
             The game lasted 00:11:32 (6966 turns).

Hatywr the Spear-Bearer (Hill Orc Monk)             Turns: 6966, Time: 00:11:33

Health: 0/96       AC: 24    Str: 14 (16) XL:     8   Next: 42%
Magic:  13/13      EV:  2    Int:  7 (10) God:    Beogh [***...]
Gold:   282        SH:  5    Dex: 11 (13) Spells: 7/7 levels left

rFire    x . .     SeeInvis .   u - +0 trident
rCold    + . .     Faith    .   (no shield)
rNeg     + + +     Spirit   .   (armour currently unavailable)
rPois    +         Reflect  +   (helmet currently unavailable)
rElec    .         Harm     .   (cloak currently unavailable)
rCorr    .         Rampage  .   (gloves currently unavailable)
Will     .....     NoTele   +   (boots currently unavailable)
Stlth    ++........             C - amulet of reflection
HPRegen  0.26/turn              f - ring of ice
MPRegen  0.13/turn              (no ring)

@: lethally poisoned (0 -> -12), tree-form, attractive, invisible
A: no striking features
a: Renounce Religion, Smiting


You were on level 5 of the Dungeon.
You worshipped Beogh.
Beogh was most pleased with you.
You were a tree.
You visited 1 branch of the dungeon, and saw 6 of its levels.

You collected 282 gold pieces.

Inventory:

Hand Weapons
 a - a +0 spear
 c - the +5 war axe of Pasat {chaos, *Noise +Blink Will+ Stlth+}
   (You found it on level 4 of the Dungeon)

   Each time it hits an enemy it has a different, random effect.
   It affects your willpower, your defense against some magical effects.
   It lets you blink.
   It may make noises in combat.
   It makes you more stealthy.
 t - a +0 halberd
 u - a +0 trident (weapon)
Armour
 g - a +0 chain mail (melded)
 i - a +0 helmet
Jewellery
 f - a ring of ice (left branch)
 z - the amulet of Haabool {Spirit rC+++ Int-3 SInv}
   (You found it on level 5 of the Dungeon)

   [amulet of guardian spirit]

   It causes incoming damage to be split between your health and magic.
   It affects your intelligence (-3).
   It renders you almost immune to cold.
   It lets you see invisible.
 C - an amulet of reflection (around neck)
Wands
 b - a wand of disintegration (17)
 y - a wand of acid (7)
 A - a wand of random effects (24)
Scrolls
 d - 5 scrolls of teleportation
 k - a scroll of remove curse
 m - 2 scrolls of amnesia {unknown}
 r - a scroll of noise
 v - 2 scrolls of enchant weapon {unknown}
 w - 8 scrolls of identify
 x - a scroll of blinking {unknown}
 B - a scroll of fog
Potions
 l - a potion of mutation
 n - 2 potions of resistance
 o - 3 potions of attraction
 p - a potion of invisibility
 q - a potion of heal wounds {unknown}
 s - 3 potions of brilliance {unknown}


   Skills:
 - Level 3.6 Fighting
 + Level 9.2 Polearms
 - Level 2.4 Dodging
 - Level 1.5 Stealth
 + Level 7.4 Invocations


You had 7 spell levels left.
You didn't know any spells.
Your spell library contained the following spells:

 Spells                   Type           Power        Failure   Level
 Corona                   Hex            0%           43%         1
 Ensorcelled Hibernation  Hex/Ice        0%           56%         2
 Confusing Touch          Hex            0%           80%         3
 Dazzling Flash           Conj/Hex       0%           80%         3
 Tukima's Dance           Hex            0%           80%         3


Dungeon Overview and Level Annotations

Branches:
Dungeon (6/15)             Temple (0/1) D:5

Altars:
Ashenzari
Sif Muna
Yredelemnul

Shops:
D:6 :

Annotations:
D:4 Menkaure


Innate Abilities, Weirdness & Mutations

((You have a pair of small antennae on your head.))
((You have sharp fingernails.))
((You can translocate small distances at will.))


Message History

The hound bites you but does no damage. The water moccasin bites you.
* * * LOW HITPOINT WARNING * * *
The hound bites you but does no damage.
It was a potion of degeneration.
There was something very wrong with that liquid.
You feel weakened.
You feel dopey.
You feel clumsy. The water moccasin bites you.
* * * LOW HITPOINT WARNING * * *
You are more poisoned.
The water moccasin poisons you! The hound barely misses you.
It was a potion of lignification.
You turn into a tree.
Your +0 chain mail melds into your body.
Your roots penetrate the ground.
* * * LOW HITPOINT WARNING * * *
You feel sick. The hound bites you but does no damage.
The water moccasin barely misses you. The hound bites you but does no damage.
The water moccasin bites you but does no damage.
It was a potion of invisibility.
You fade into invisibility!
You die...

.##### #.#
#...#.# #.#.# #
.# #####.#
#...#.#
#.#.##### .#
#.....# #.#.#.#
#.#....## .#
#.....# #.#...#
#......'. .#
#.....###.#...#
###....## .#
#.....'...#...#
#.....< .#
#.....#####...#
#.....# ##
#.....# #.hS#
###...#
###########..♣#
###.# #.....#.#
#.# #.#####.#
#.# #.# #.#
#####.#
#.#####.#
#...#..
########.......#
#.#.###
#.........######
#.#....
#.#######.#
#.##### #.# #.#
#.#


You could see a water moccasin and a hound.

Vanquished Creatures
  An ice beast (D:6)
  A phantom (D:4)
  An ogre (D:6)
  A centaur (D:5)
  A scorpion (D:5)
  A centaur zombie (D:6)
  3 hounds (D:4)
  An orc priest (D:5)
  A jelly (D:6)
  A bullfrog skeleton (D:5)
  A centaur skeleton (D:2)
  6 orc wizards
  2 iguanas (D:4)
  4 worker ants
  A howler monkey zombie (D:5)
  7 adders
  2 gnolls (D:2)
  A shadow imp (D:5)
  An ufetubus (D:5)
  An ooze (D:2)
  4 worms
  3 dart slugs
  7 leopard geckos
  22 orcs
  3 ball pythons
  4 giant cockroaches
  7 goblins
  7 hobgoblins
  8 jackals
  3 quokkas
  A ball python skeleton (D:4)
  7 bats
  4 frilled lizards
  10 kobolds
  A leopard gecko skeleton (D:6)
  12 rats
141 creatures vanquished.

Vanquished Creatures (others)
  An orc priest (D:4)
  5 orcs
  A leopard gecko zombie (D:4)
7 creatures vanquished.

Grand Total: 148 creatures vanquished

Notes
Turn   | Place    | Note
-------+----------+-------------------------------------------
     0 | D:1      | Hatywr the Hill Orc Monk began the quest for the Orb.
     0 | D:1      | Reached XP level 1. HP: 19/19 MP: 1/1
   212 | D:1      | Reached XP level 2. HP: 26/26 MP: 2/2
   213 | D:1      | Reached skill level 4 in Polearms
  1051 | D:1      | Reached XP level 3. HP: 31/31 MP: 3/3
  1468 | D:2      | Reached skill level 5 in Polearms
  1618 | D:2      | Reached XP level 4. HP: 29/39 MP: 4/4
  1938 | D:2      | Reached skill level 6 in Polearms
  2103 | D:2      | Reached XP level 5. HP: 45/45 MP: 5/5
  2986 | D:4      | Became a worshipper of Beogh the Brigand
  2986 | D:4      | Reached * piety under Beogh
  2986 | D:4      | Reached ** piety under Beogh
  3005 | D:4      | Got a crystal war axe
  3006 | D:4      | Identified the +5 war axe of Pasat {chaos, *Noise +Blink
                  | Will+ Stlth+} (You found it on level 4 of the Dungeon)
  3022 | D:4      | Reached skill level 1 in Invocations
  3143 | D:4      | Reached XP level 6. HP: 50/51 MP: 5/7
  3151 | D:4      | Reached skill level 7 in Polearms
  3780 | D:4      | Noticed a phantom
  3803 | D:4      | Killed a phantom
  3845 | D:4      | Noticed Menkaure
  4070 | D:4      | Reached XP level 7. HP: 51/57 MP: 8/10
  4431 | D:4      | Reached skill level 8 in Polearms
  4727 | D:5      | Entered Level 5 of the Dungeon
  4748 | D:5      | Reached skill level 5 in Invocations
  4873 | D:5      | Found a basalt altar of Yredelemnul.
  4897 | D:5      | Reached *** piety under Beogh
  5061 | D:5      | Found a broken altar of Ashenzari.
  5169 | D:5      | Found a staircase to the Ecumenical Temple.
  5241 | D:5      | Got a smoking bone amulet
  5602 | D:5      | Reached XP level 8. HP: 27/64 MP: 12/12
  6343 | D:6      | Reached skill level 9 in Polearms
  6600 | D:6      | Found a shimmering blue altar of Sif Muna.
  6851 | D:6      | Identified the amulet of Haabool {Spirit rC+++ Int-3 SInv}
                  | (You found it on level 5 of the Dungeon)
  6854 | D:6      | Found Asur Cop's Book Boutique.
  6928 | D:6      | Gained mutation: You have a pair of small antennae on your
                  | head. [potion of mutation]
  6928 | D:6      | Gained mutation: You have sharp fingernails. [potion of
                  | mutation]
  6928 | D:6      | Gained mutation: You can translocate small distances at
                  | will. [potion of mutation]
  6964 | D:5      | HP: 2/64 [water moccasin (4)]
  6966 | D:5      | Succumbed to a water moccasin's poison

Illustrated notes

Levels and vault maps discovered:
D:1:      sevenhm_arrival_forest_fort_large_1, layout_loops_ring,
          minmay_stone_trees_medium, minmay_split_cup_large
D:2:      layout_loops_ring
D:3:      layout_rooms
D:4:      layout_gridville, hangedman_decor_slide_cut, uniq_menkaure
D:5:      layout_basic, old_standard_altar, minmay_temple_entry_grid,
          cheibrodos_ashenzari_chains
D:6:      layout_rooms, marbit_many_paths, serial_shops,
          nicolae_shop_statue_plus

Skill      XL: |  1  2  3  4  5  6  7  8 |
---------------+-------------------------+-----
Polearms       | 4 5 6 7 8 9 |  9.2
Invocations    | 1 4 6 7 |  7.4
Fighting       | |  3.6
Dodging        | |  2.4
Stealth        | |  1.5

Action                   |  1- 3 |  4- 6 |  7- 9 || total
-------------------------+-------+-------+-------++-------
Melee: Spear             |   164 |    39 |       ||   203
       Halberd           |       |   150 |       ||   150
       Trident           |       |    32 |   256 ||   288
Invok: Convert to Beogh  |       |     1 |       ||     1
 Abil: Blink             |       |       |     1 ||     1
  Use: Scroll            |     1 |     6 |       ||     7
       Potion            |       |       |     6 ||     6
 Stab: Sleeping          |     7 |       |       ||     7
Armor: Robe              |     1 |       |       ||     1
       Leather armour    |    25 |    10 |       ||    35
       Chain mail        |       |    58 |   151 ||   209
       Ring mail         |       |     4 |       ||     4
       Skin              |       |       |     3 ||     3
Dodge: Dodged            |    64 |    76 |   115 ||   255
Block: Other             |       |       |     7 ||     7
